[Event "-chT Youth Countries 2019"]
[Site "Wuerzburg"]
[Date "2019.10.02"]
[Round "2.1"]
[White "Lagunow, Raphael"]
[Black "Herbrig, Alexander"]
[Result "1-0"]
[ECO "B35"]
[WhiteElo "2438"]
[BlackElo "2295"]
[Annotator "NA RC"]
[PlyCount "93"]
[EventDate "2019.10.02"]
[EventType "team-tourn"]
[EventRounds "7"]
[EventCountry "GER"]
[SourceTitle "playchess.com"]
[Source "ChessBase"]
[SourceQuality "1"]
[WhiteTeam "Berlin"]
[BlackTeam "Sachsen"]
[TimeControl "40/5400+30:1800+30"]

1. e4 c5 2. Nf3 Nc6 3. d4 cxd4 4. Nxd4 g6 5. Nc3 Bg7 6. Be3 Nf6 7. Bc4 O-O 8. Bb3 d6 9. f3 Bd7 10. a4 Qa5 11. O-O a6 12. Qd2 Rfc8 13. Rfd1 Ne5 14. Qe2 Qc7 15. a5 Nc4 16. Bxc4 Qxc4 17. Qf2 d5 18. e5 Ne8 19. f4 Nc7 20. Nb3 Be8 21. Rd4 Qc6 22. Rb4 Nb5 23. Nxb5 axb5 24. c3 e6 25. Bc5 Ra6 26. h4 h5 27. Rd4 Bf8 28. Bxf8 Kxf8 29. Qg3 b6 30. axb6 Rxa1+ 31. Nxa1 Qxb6 32. Nc2 Qa7 33. Qf2 Qa2 34. Na3 Qa1+ 35. Kh2 Rb8 36. Rb4 Qd1 37. Nc2 Kg7 38. Nd4 Qc1 39. Nxe6+ Kh8 40. Ng5 Ra8 41. f5 Qb1 42. fxg6 Qxg6 43. Rf4 Kg8 44. Rf6 Qg7 45. e6 Ra7 46. exf7+ Bxf7 47. Rxf7 {[%emt 0:00:24] normal} 1-0

[Event "-chT Youth Countries 2019"]
[Site "Wuerzburg"]
[Date "2019.10.02"]
[Round "2.1"]
[White "Svane, Frederik"]
[Black "Muckle, Julius"]
[Result "1/2-1/2"]
[ECO "C05"]
[WhiteElo "2360"]
[BlackElo "2398"]
[Annotator "NA"]
[PlyCount "117"]
[EventDate "2019.10.02"]
[EventType "team-tourn"]
[EventRounds "7"]
[EventCountry "GER"]
[SourceTitle "playchess.com"]
[Source "ChessBase"]
[SourceQuality "1"]
[WhiteTeam "Schleswig-Holstein"]
[BlackTeam "Rheinland-Pfalz"]
[TimeControl "40/5400+30:1800+30"]

1. e4 e6 2. d4 d5 3. Nd2 Nf6 4. e5 Nfd7 5. Bd3 c5 6. c3 Nc6 7. Ngf3 Qb6 8. O-O cxd4 9. cxd4 Nxd4 10. Nxd4 Qxd4 11. Nf3 Qb4 12. a3 Qb6 13. Be3 Bc5 14. Bd2 f6 15. b4 Be7 16. Bc3 O-O 17. Qc2 f5 18. Rfc1 Qd8 19. a4 Nb6 20. a5 d4 21. Nxd4 Nd5 22. Bc4 Nxb4 23. Bxb4 Bxb4 24. Nxe6 Bxe6 25. Bxe6+ Kh8 26. Bxf5 Bxa5 27. Ra3 Bb6 28. Rh3 h6 29. Rf3 Qg5 30. Rf1 g6 31. Be4 Rxf3 32. Bxf3 Rf8 33. e6 Kg7 34. Rd1 Rd8 35. Rxd8 Qxd8 36. Bxb7 Qf6 37. Qa2 Qc3 38. g3 Kf6 39. Kg2 Qe5 40. Bd5 h5 41. Qb3 Qe2 42. Qc3+ Kf5 43. Qf3+ Qxf3+ 44. Kxf3 Kf6 45. Ke2 a5 46. f4 a4 47. Kf3 Bc5 48. Ba2 a3 49. Ke4 Be7 50. Kd5 Bb4 51. Kc4 Bf8 52. Kd5 Be7 53. Kc6 Bf8 54. Kd7 Bb4 55. h3 Bc5 56. Bb1 Bb4 57. Ba2 Bc5 58. Bd5 Bb4 59. Ba2 {[%emt 0:00:56] normal Ke5} 1/2-1/2

[Event "-chT Youth Countries 2019"]
[Site "Wuerzburg"]
[Date "2019.10.02"]
[Round "2.1"]
[White "Vuckovic, Zarko"]
[Black "Polster, Christian"]
[Result "0-1"]
[ECO "B35"]
[WhiteElo "2253"]
[BlackElo "2279"]
[Annotator "NA"]
[PlyCount "134"]
[EventDate "2019.10.02"]
[EventType "team-tourn"]
[EventRounds "7"]
[EventCountry "GER"]
[SourceTitle "playchess.com"]
[Source "ChessBase"]
[SourceQuality "1"]
[WhiteTeam "Bayern 1"]
[BlackTeam "Niedersachsen"]
[TimeControl "40/5400+30:1800+30"]

1. e4 c5 2. Nc3 Nc6 3. Nge2 g6 4. d4 cxd4 5. Nxd4 Bg7 6. Be3 Nf6 7. Bc4 Qa5 8. O-O d6 9. Nb3 Qd8 10. Be2 O-O 11. f4 Be6 12. Bf3 Na5 13. e5 Ne8 14. Nxa5 Qxa5 15. Bxb7 Rb8 16. Bd5 Rxb2 17. Bxe6 fxe6 18. Ne4 dxe5 19. Qg4 Nc7 20. Ng5 Rf5 21. c4 exf4 22. Bxf4 Qb6+ 23. Kh1 Rf2 24. Nf3 Bxa1 25. Rxa1 Rb2 26. h3 Ne8 27. Be5 Rb1+ 28. Rxb1 Qxb1+ 29. Kh2 Qxa2 30. Qe4 Qa5 31. Bb2 Qc7+ 32. Kh1 Qc8 33. Qd4 Nf6 34. Qxa7 Qc5 35. Qb8+ Kg7 36. Qb7 Rf4 37. Ne5 Rf1+ 38. Kh2 Rb1 39. Ng4 Qg1+ 40. Kg3 Qe1+ 41. Kh2 Kf7 42. Nh6+ Kf8 43. Qb8+ Kg7 44. Ng4 e5 45. Qxe5 Qxe5+ 46. Bxe5 Kf7 47. Ne3 Nd7 48. Bf4 e5 49. Bh6 Ke6 50. Kg3 Rc1 51. Kf3 Nb6 52. Nd5 Rb1 53. Ne3 Rb3 54. Ke2 Rxe3+ 55. Bxe3 Nxc4 56. Bc1 Kd5 57. Kf3 Kd4 58. Ke2 Ke4 59. Bh6 Nb6 60. Bg5 Nd5 61. Bh6 Nf4+ 62. Kf2 Ne6 63. Bc1 Kd3 64. Ba3 e4 65. Bb4 e3+ 66. Kf1 Nd4 67. Be1 Kc2 {[%emt 0:00:29] normal} 0-1

[Event "-chT Youth Countries 2019"]
[Site "Wuerzburg"]
[Date "2019.10.02"]
[Round "2.1"]
[White "Tiarks, Jann-Christian"]
[Black "Riehle, Marco"]
[Result "1/2-1/2"]
[ECO "C42"]
[WhiteElo "2178"]
[BlackElo "2309"]
[Annotator "NA"]
[PlyCount "71"]
[EventDate "2019.10.02"]
[EventType "team-tourn"]
[EventRounds "7"]
[EventCountry "GER"]
[SourceTitle "playchess.com"]
[Source "ChessBase"]
[SourceQuality "1"]
[WhiteTeam "SG Brandenburg / Berlin"]
[BlackTeam "Baden 2"]
[TimeControl "40/5400+30:1800+30"]

1. e4 e5 2. Nf3 Nf6 3. Nxe5 Nxe4 4. Qe2 Qe7 5. Qxe4 d6 6. d4 dxe5 7. dxe5 Nc6 8. Bb5 Bd7 9. O-O O-O-O 10. Nc3 Nxe5 11. Bxd7+ Nxd7 12. Bf4 Qxe4 13. Nxe4 h6 14. Rad1 g5 15. Bd2 f5 16. Bc3 Rh7 17. Nf6 Rf7 18. Nxd7 Rdxd7 19. Rfe1 Rfe7 20. Rxd7 Rxe1+ 21. Bxe1 Kxd7 22. Bc3 Ke6 23. Kf1 Bd6 24. h3 Be5 25. Bxe5 Kxe5 26. Ke2 b5 27. Ke3 c5 28. Kd3 h5 29. c3 h4 30. Ke3 Kd5 31. Kd3 a5 32. b3 g4 33. f3 gxh3 34. gxh3 Ke5 35. Ke3 c4 36. bxc4 {[%emt 0:00:15] normal} 1/2-1/2

[Event "-chT Youth Countries 2019"]
[Site "Wuerzburg"]
[Date "2019.10.02"]
[Round "2.2"]
[White "Karsay, Pascal"]
[Black "Arndt, Magnus"]
[Result "1-0"]
[ECO "A05"]
[WhiteElo "2276"]
[BlackElo "2312"]
[Annotator "NA"]
[PlyCount "129"]
[EventDate "2019.10.02"]
[EventType "team-tourn"]
[EventRounds "7"]
[EventCountry "GER"]
[SourceTitle "playchess.com"]
[Source "ChessBase"]
[SourceQuality "1"]
[WhiteTeam "Rheinland-Pfalz"]
[BlackTeam "Schleswig-Holstein"]
[TimeControl "40/5400+30:1800+30"]

1. Nf3 Nf6 2. c4 e6 3. g3 d5 4. b3 Be7 5. Bb2 b6 6. Bg2 Bb7 7. O-O O-O 8. e3 dxc4 9. bxc4 c5 10. Qe2 Nbd7 11. Nc3 Rc8 12. d3 Bxf3 13. Bxf3 Ne5 14. Rad1 Nxf3+ 15. Qxf3 Qc7 16. g4 Nd7 17. Qg2 Qc6 18. Ne4 Nf6 19. Bxf6 Bxf6 20. f4 Kh8 21. Rf3 Be7 22. g5 f5 23. gxf6 gxf6 24. f5 exf5 25. Rxf5 Rg8 26. Ng3 Qxg2+ 27. Kxg2 Rg6 28. Rd5 Rc7 29. Rf1 Kg8 30. Rf4 Kf7 31. Kf2 Rh6 32. h4 Rg6 33. Nf5 Rb7 34. a4 Rc7 35. Rf3 Ke6 36. Rf4 Kf7 37. Re4 Rb7 38. Rd6 Rc7 39. Rde6 Bf8 40. Re8 Rd7 41. Ra8 h5 42. Ree8 Bg7 43. e4 Rg4 44. Rad8 Rxd8 45. Rxd8 Kg6 46. Rg8 Kh7 47. Ra8 Bh6 48. Rxa7+ Kg6 49. Rb7 Rf4+ 50. Ke2 Rg4 51. Rxb6 Rg2+ 52. Kf3 Rd2 53. Nxh6 Rxd3+ 54. Ke2 Rd4 55. Nf5 Rxe4+ 56. Ne3 Rxh4 57. Rb5 Rh2+ 58. Kf3 Ra2 59. Rxc5 Rxa4 60. Ng2 Kf7 61. Nf4 Ke7 62. Ke4 f5+ 63. Ke5 h4 64. Rc7+ Ke8 65. Ne6 {[%emt 0:00:00] normal} 1-0

[Event "-chT Youth Countries 2019"]
[Site "Wuerzburg"]
[Date "2019.10.02"]
[Round "2.2"]
[White "Niermann, Tristan"]
[Black "Wu, Luka"]
[Result "1-0"]
[ECO "E06"]
[WhiteElo "2227"]
[BlackElo "2117"]
[Annotator "NA"]
[PlyCount "107"]
[EventDate "2019.10.02"]
[EventType "team-tourn"]
[EventRounds "7"]
[EventCountry "GER"]
[SourceTitle "playchess.com"]
[Source "ChessBase"]
[SourceQuality "1"]
[WhiteTeam "Nordrhein-Westfalen"]
[BlackTeam "Baden 1"]
[TimeControl "40/5400+30:1800+30"]

1. d4 Nf6 2. c4 e6 3. g3 d5 4. Nf3 Be7 5. Bg2 O-O 6. O-O dxc4 7. Qc2 a6 8. a4 Bd7 9. Qxc4 Bc6 10. Bf4 a5 11. Nc3 Na6 12. Rac1 h6 13. Rfe1 Bxf3 14. Bxf3 c6 15. e4 Nb4 16. Red1 Rc8 17. h4 Qd7 18. Qe2 Rfd8 19. Rd2 Bf8 20. Rcd1 Qe7 21. Kg2 Rd7 22. Qf1 Rcd8 23. Qh1 g6 24. h5 g5 25. Be3 Bg7 26. Qh3 Ne8 27. Be2 Nc7 28. Qg4 Qf8 29. Bc4 Kh7 30. e5 Ncd5 31. Nxd5 exd5 32. Qf5+ Kh8 33. Be2 f6 34. e6 Re7 35. Bg4 Na6 36. Re2 Nc7 37. Bd2 b6 38. b4 Ne8 39. Qg6 Nd6 40. Bf5 Nxf5 41. Qxf5 Ra8 42. bxa5 bxa5 43. Bc1 Qc8 44. Ba3 Rb7 45. g4 Rb3 46. e7 Qxf5 47. e8=Q+ Kh7 48. gxf5 Rxe8 49. Rxe8 Rxa3 50. Rb1 Rxa4 51. Rb7 Rb4 52. Ra7 Rxd4 53. Ree7 Rg4+ 54. Kf1 {[%emt 0:00:00] normal Bf8} 1-0

[Event "-chT Youth Countries 2019"]
[Site "Wuerzburg"]
[Date "2019.10.02"]
[Round "2.2"]
[White "Knuedel, Torben"]
[Black "Schneider, Jana"]
[Result "1/2-1/2"]
[ECO "C88"]
[WhiteElo "2193"]
[BlackElo "2240"]
[Annotator "NA"]
[PlyCount "111"]
[EventDate "2019.10.02"]
[EventType "team-tourn"]
[EventRounds "7"]
[EventCountry "GER"]
[SourceTitle "playchess.com"]
[Source "ChessBase"]
[SourceQuality "1"]
[WhiteTeam "Niedersachsen"]
[BlackTeam "Bayern 1"]
[TimeControl "40/5400+30:1800+30"]

1. e4 e5 2. Nf3 Nc6 3. Bb5 a6 4. Ba4 Nf6 5. O-O Be7 6. Re1 b5 7. Bb3 d6 8. c3 Na5 9. Bc2 c5 10. h3 g5 11. d4 g4 12. hxg4 Nxg4 13. dxe5 dxe5 14. Qxd8+ Bxd8 15. Nbd2 h5 16. Nf1 Bb6 17. Ne3 c4 18. a4 Ra7 19. axb5 axb5 20. Nh4 Rg8 21. Nxg4 hxg4 22. Be3 Bxe3 23. Rxe3 f6 24. Nf5 Rh8 25. g3 Rah7 26. Nh4 Nc6 27. b3 Be6 28. bxc4 Bxc4 29. Bd3 Ra7 30. Rxa7 Nxa7 31. Nf5 Kd7 32. Re1 Rd8 33. Bxc4 bxc4 34. Rd1+ Kc7 35. Rxd8 Kxd8 36. Ne3 Nb5 37. Nd5 Kd7 38. Nxf6+ Ke6 39. Nxg4 Nxc3 40. Ne3 Nxe4 41. Nxc4 Ng5 42. Kf1 Kd5 43. Nd2 Ne6 44. Ke2 Nd4+ 45. Kd3 Nc6 46. Ke3 Nd4 47. Nf1 Nc2+ 48. Kd2 Nb4 49. Ne3+ Ke4 50. Ke2 Kd4 51. f3 Na6 52. g4 Nc5 53. g5 Ne6 54. Nf5+ Kd5 55. Ne7+ Kd6 56. Nf5+ {[%emt 0:00:00] normal} 1/2-1/2

[Event "-chT Youth Countries 2019"]
[Site "Wuerzburg"]
[Date "2019.10.02"]
[Round "2.2"]
[White "Nguyen, Alex Dac-Vuong"]
[Black "Schmidek, Emil"]
[Result "1/2-1/2"]
[ECO "C50"]
[WhiteElo "2128"]
[BlackElo "2387"]
[Annotator "NA"]
[PlyCount "94"]
[EventDate "2019.10.02"]
[EventType "team-tourn"]
[EventRounds "7"]
[EventCountry "GER"]
[SourceTitle "playchess.com"]
[Source "ChessBase"]
[SourceQuality "1"]
[WhiteTeam "Sachsen"]
[BlackTeam "Berlin"]
[TimeControl "40/5400+30:1800+30"]

1. e4 e5 2. Nf3 Nc6 3. Bc4 Nf6 4. d3 Bc5 5. c3 d6 6. Bb3 a6 7. O-O Ba7 8. Re1 h6 9. Nbd2 O-O 10. h3 Be6 11. Nf1 Re8 12. Be3 d5 13. Bxa7 Rxa7 14. exd5 Bxd5 15. Bxd5 Nxd5 16. Ng3 Ra8 17. d4 exd4 18. Rxe8+ Qxe8 19. Nxd4 Rd8 20. Nxc6 Qxc6 21. Qf3 Ne7 22. Qe2 Ng6 23. Rd1 Rxd1+ 24. Qxd1 Nf4 25. Qf1 Qd5 26. Ne2 Nd3 27. b3 Qg5 28. Qd1 Qf5 29. Qf1 c5 30. Ng3 Qd5 31. Qe2 g6 32. Qe3 Kg7 33. c4 Qd7 34. h4 f5 35. Ne2 Qd6 36. Nc3 Nf4 37. g3 Ne6 38. Nd5 g5 39. hxg5 hxg5 40. f4 g4 41. Kf2 Kf7 42. Qe1 Ng7 43. Qa5 Ne6 44. Qe1 b5 45. Qh1 Ng7 46. Qh8 bxc4 47. bxc4 Qe6 {[%emt 0:01:22] normal} 1/2-1/2

[Event "-chT Youth Countries 2019"]
[Site "Wuerzburg"]
[Date "2019.10.02"]
[Round "2.2"]
[White "Junker, Magnus"]
[Black "Zha, Kevin"]
[Result "1-0"]
[ECO "B06"]
[WhiteElo "2059"]
[BlackElo "1923"]
[Annotator "NA"]
[PlyCount "81"]
[EventDate "2019.10.02"]
[EventType "team-tourn"]
[EventRounds "7"]
[EventCountry "GER"]
[SourceTitle "playchess.com"]
[Source "ChessBase"]
[SourceQuality "1"]
[WhiteTeam "Bayern 2"]
[BlackTeam "Saarland"]
[TimeControl "40/5400+30:1800+30"]

1. e4 g6 2. d4 Bg7 3. Be3 d6 4. Nc3 a6 5. f3 b5 6. a3 Nd7 7. Nge2 Bb7 8. h4 h5 9. Qd2 c5 10. dxc5 Nxc5 11. Nd4 Nf6 12. O-O-O Rc8 13. Kb1 Nfd7 14. b4 Ne6 15. Nxe6 fxe6 16. Bd4 e5 17. Be3 Qc7 18. Na2 Nb6 19. Bxb6 Qxb6 20. Bd3 Bh6 21. Qe1 O-O 22. Qg3 Kh7 23. Qh3 Ra8 24. g4 Bc8 25. Qg2 Be6 26. Rhg1 Rg8 27. Nc3 a5 28. Nd5 Qa7 29. Bxb5 axb4 30. a4 Bd7 31. Bxd7 Qxd7 32. Nb6 Qa7 33. Nxa8 Be3 34. gxh5 Bxg1 35. Rxg1 Qxa8 36. hxg6+ Kg7 37. Qg5 Qa7 38. h5 Rh8 39. Rg2 Rh6 40. Qxh6+ Kxh6 41. g7 {[%emt 0:30:04] normal} 1-0

[Event "-chT Youth Countries 2019"]
[Site "Wuerzburg"]
[Date "2019.10.02"]
[Round "2.2"]
[White "Ratay, Meike"]
[Black "Pahl, Theis"]
[Result "1/2-1/2"]
[ECO "C63"]
[WhiteElo "2032"]
[BlackElo "2022"]
[Annotator "NA"]
[PlyCount "71"]
[EventDate "2019.10.02"]
[EventType "team-tourn"]
[EventRounds "7"]
[EventCountry "GER"]
[SourceTitle "playchess.com"]
[Source "ChessBase"]
[SourceQuality "1"]
[WhiteTeam "Thueringen"]
[BlackTeam "SG Bremen / Niedersachsen"]
[TimeControl "40/5400+30:1800+30"]

1. e4 e5 2. Nf3 Nc6 3. Bb5 f5 4. Bxc6 dxc6 5. O-O fxe4 6. Nxe5 Nf6 7. d4 Be7 8. Nc3 Bf5 9. Re1 h6 10. Nxe4 O-O 11. Ng3 Bh7 12. c3 Nd5 13. Qg4 Qc8 14. Qxc8 Raxc8 15. Bd2 Rce8 16. a3 Rf6 17. c4 Nf4 18. Ne4 Rf5 19. Bc3 Bd6 20. Ng3 Rff8 21. Nd7 Rxe1+ 22. Rxe1 Rd8 23. Ne5 Nd3 24. Nxd3 Bxd3 25. c5 Bxg3 26. hxg3 Kf7 27. Re5 Re8 28. d5 Rxe5 29. Bxe5 cxd5 30. Bxc7 Ke6 31. f4 g6 32. Be5 h5 33. Kf2 Kd7 34. Ke3 Be4 35. Kf2 Kc6 36. Ke3 {[%emt 0:00:35] normal} 1/2-1/2

[Event "-chT Youth Countries 2019"]
[Site "Wuerzburg"]
[Date "2019.10.02"]
[Round "2.2"]
[White "Wu, Leon"]
[Black "Maetzkow, Maximilian Paul"]
[Result "1/2-1/2"]
[ECO "B94"]
[WhiteElo "2009"]
[BlackElo "2287"]
[Annotator "NA"]
[PlyCount "48"]
[EventDate "2019.10.02"]
[EventType "team-tourn"]
[EventRounds "7"]
[EventCountry "GER"]
[SourceTitle "playchess.com"]
[Source "ChessBase"]
[SourceQuality "1"]
[WhiteTeam "Baden 2"]
[BlackTeam "Brandenburg/Berlin"]
[TimeControl "40/5400+30:1800+30"]

1. e4 c5 2. Nf3 d6 3. d4 cxd4 4. Nxd4 Nf6 5. Nc3 a6 6. Bg5 Nbd7 7. Qe2 e6 8. f4 Qc7 9. O-O-O Be7 10. g4 h6 11. Bh4 g5 12. fxg5 hxg5 13. Bxg5 b5 14. Bg2 b4 15. e5 dxe5 16. Bxa8 bxc3 17. Nb3 Nb6 18. Qg2 Nfd5 19. Bxe7 cxb2+ 20. Kxb2 Nc4+ 21. Ka1 Nce3 22. Qd2 Nxd1 23. Rxd1 Nxe7 24. g5 Bd7 {[%emt 0:06:31] normal} 1/2-1/2

[Event "-chT Youth Countries 2019"]
[Site "Wuerzburg"]
[Date "2019.10.02"]
[Round "2.3"]
[White "Pallas, Sebastian"]
[Black "Weber, Samuel"]
[Result "0-1"]
[ECO "C45"]
[WhiteElo "2291"]
[BlackElo "2288"]
[Annotator "NA"]
[PlyCount "48"]
[EventDate "2019.10.02"]
[EventType "team-tourn"]
[EventRounds "7"]
[EventCountry "GER"]
[SourceTitle "playchess.com"]
[Source "ChessBase"]
[SourceQuality "1"]
[WhiteTeam "Sachsen-Anhalt"]
[BlackTeam "Hessen"]
[TimeControl "40/5400+30:1800+30"]

1. e4 e5 2. Nf3 Nc6 3. d4 exd4 4. Nxd4 Nf6 5. Nxc6 bxc6 6. e5 Qe7 7. Qe2 Nd5 8. c4 Ba6 9. b3 g6 10. f4 Bg7 11. g3 f6 12. Bb2 fxe5 13. fxe5 O-O 14. Nd2 Nb4 15. O-O-O Nxa2+ 16. Kb1 Nb4 17. Bg2 Rae8 18. Rhe1 Qc5 19. Nf3 Qa5 20. Bc3 d5 21. Qd2 Rb8 22. cxd5 Bd3+ 23. Kc1 Na2+ 24. Kb2 Rxb3+ {[%emt 0:00:10] normal} 0-1

[Event "-chT Youth Countries 2019"]
[Site "Wuerzburg"]
[Date "2019.10.02"]
[Round "2.3"]
[White "Goldbeck, Lars"]
[Black "Stelmaszyk, Nico"]
[Result "1-0"]
[ECO "A57"]
[WhiteElo "2203"]
[BlackElo "2190"]
[Annotator "NA"]
[PlyCount "81"]
[EventDate "2019.10.02"]
[EventType "team-tourn"]
[EventRounds "7"]
[EventCountry "GER"]
[SourceTitle "playchess.com"]
[Source "ChessBase"]
[SourceQuality "1"]
[WhiteTeam "Bayern 1"]
[BlackTeam "Niedersachsen"]
[TimeControl "40/5400+30:1800+30"]

1. d4 Nf6 2. c4 c5 3. d5 b5 4. Nf3 bxc4 5. Nc3 d6 6. e4 g6 7. Bxc4 Bg7 8. O-O O-O 9. Bg5 Ba6 10. Bxa6 Nxa6 11. Qe2 Nc7 12. Rad1 Nd7 13. Nd2 a6 14. a4 Rb8 15. Nc4 Ne5 16. Ne3 h6 17. Bh4 g5 18. Bg3 e6 19. Rd2 f5 20. Bxe5 Bxe5 21. dxe6 fxe4 22. Ng4 Bxc3 23. bxc3 d5 24. c4 Nxe6 25. cxd5 Nd4 26. Qxe4 Qd6 27. Ne3 Rf4 28. Nc4 Rxe4 29. Nxd6 Re5 30. f3 Rxd5 31. Ne4 Kg7 32. Kf2 Rbd8 33. Rfd1 c4 34. Rc1 Rc8 35. Rb2 Ne6 36. Rb7+ Kf8 37. Rh7 Rdd8 38. Rxh6 Kf7 39. Rb1 Rc7 40. Rb6 Nf4 41. Rh7+ {[%emt 0:30:54] normal} 1-0

[Event "-chT Youth Countries 2019"]
[Site "Wuerzburg"]
[Date "2019.10.02"]
[Round "2.3"]
[White "Sulayev, Daniel"]
[Black "Dahl, Christoph"]
[Result "1/2-1/2"]
[ECO "A01"]
[WhiteElo "2149"]
[BlackElo "2178"]
[Annotator "NA"]
[PlyCount "112"]
[EventDate "2019.10.02"]
[EventType "team-tourn"]
[EventRounds "7"]
[EventCountry "GER"]
[SourceTitle "playchess.com"]
[Source "ChessBase"]
[SourceQuality "1"]
[WhiteTeam "Berlin"]
[BlackTeam "Sachsen"]
[TimeControl "40/5400+30:1800+30"]

1. b3 e5 2. Bb2 Nc6 3. e3 Nf6 4. Bb5 d6 5. Ne2 Be7 6. d4 exd4 7. Nxd4 Bd7 8. O-O O-O 9. Nxc6 bxc6 10. Be2 d5 11. Nd2 Rb8 12. c4 Be6 13. Qc2 Qd7 14. Bd3 Rfd8 15. Nf3 dxc4 16. Bxc4 Bxc4 17. Qxc4 Qd5 18. Rac1 Rb6 19. Qxd5 Nxd5 20. Rfd1 c5 21. e4 Nb4 22. Rxd8+ Bxd8 23. Rxc5 Nxa2 24. Ra5 Rd6 25. h3 Nc1 26. Bxc1 Rd1+ 27. Kh2 Rxc1 28. Rxa7 f6 29. Ra8 Rd1 30. e5 Kf7 31. Ra7 Rc1 32. Ra4 Rc3 33. Rc4 Rxc4 34. bxc4 c5 35. Kg3 Bc7 36. Kf4 Ke6 37. Ke4 f5+ 38. Kf4 h6 39. h4 g6 40. g3 Ba5 41. g4 Bc3 42. gxf5+ gxf5 43. h5 Bb2 44. Ke3 Bc1+ 45. Kd3 Bf4 46. Kc3 Bxe5+ 47. Kd3 Bf6 48. Ke3 Bg5+ 49. Kd3 Kf6 50. Ng1 Ke5 51. Ne2 f4 52. f3 Bh4 53. Nc3 Be1 54. Ne4 Bb4 55. Nf2 Kf5 56. Ne4 Ke5 {normal} 1/2-1/2

[Event "-chT Youth Countries 2019"]
[Site "Wuerzburg"]
[Date "2019.10.02"]
[Round "2.3"]
[White "Tschernatsch, Johannes"]
[Black "Hecht, Jonas"]
[Result "1-0"]
[ECO "C90"]
[WhiteElo "2132"]
[BlackElo "1775"]
[Annotator "NA"]
[PlyCount "67"]
[EventDate "2019.10.02"]
[EventType "team-tourn"]
[EventRounds "7"]
[EventCountry "GER"]
[SourceTitle "playchess.com"]
[Source "ChessBase"]
[SourceQuality "1"]
[WhiteTeam "SG Brandenburg / Berlin"]
[BlackTeam "Baden 2"]
[TimeControl "40/5400+30:1800+30"]

1. e4 e5 2. Nf3 Nc6 3. Bb5 a6 4. Ba4 Nf6 5. O-O Be7 6. Re1 b5 7. Bb3 O-O 8. d3 d6 9. c3 Re8 10. Nbd2 h6 11. Nf1 Bf8 12. Ng3 Ne7 13. a4 Bd7 14. d4 exd4 15. cxd4 Ng6 16. h3 Bc6 17. Qc2 Bb7 18. d5 Ne5 19. Nd4 Qd7 20. f4 Ng6 21. Bd2 h5 22. Ngf5 h4 23. Qd3 Nh5 24. Qf3 Nf6 25. Bc3 Rab8 26. Nc6 Bxc6 27. dxc6 Qd8 28. e5 dxe5 29. fxe5 Bc5+ 30. Kh1 b4 31. Rad1 Qc8 32. Nh6+ Kf8 33. exf6 bxc3 34. Qd5 {[%emt 0:01:32] normal} 1-0

[Event "-chT Youth Countries 2019"]
[Site "Wuerzburg"]
[Date "2019.10.02"]
[Round "2.3"]
[White "Chassard, Cedric"]
[Black "Koehler, Lukas"]
[Result "0-1"]
[ECO "B15"]
[WhiteElo "1929"]
[BlackElo "2040"]
[Annotator "NA"]
[PlyCount "148"]
[EventDate "2019.10.02"]
[EventType "team-tourn"]
[EventRounds "7"]
[EventCountry "GER"]
[SourceTitle "playchess.com"]
[Source "ChessBase"]
[SourceQuality "1"]
[WhiteTeam "Saarland"]
[BlackTeam "Bayern 2"]
[TimeControl "40/5400+30:1800+30"]

1. e4 c6 2. d4 d5 3. Nd2 dxe4 4. Nxe4 Nf6 5. Nxf6+ exf6 6. Nf3 Bd6 7. Bd3 O-O 8. O-O Bg4 9. c3 Qc7 10. h3 Bh5 11. Be2 Re8 12. Re1 Nd7 13. Be3 Nb6 14. Nh4 Bxe2 15. Rxe2 g6 16. Qd3 Nd5 17. Rae1 Qd7 18. Bd2 f5 19. Nf3 Nf6 20. Rxe8+ Rxe8 21. Rxe8+ Qxe8 22. Qe3 Qe4 23. Qxe4 fxe4 24. Ne1 Nd7 25. Kf1 b5 26. Ke2 f5 27. Nc2 f4 28. b3 Nb6 29. Be1 Kf7 30. g3 g5 31. Kf1 Ke6 32. h4 h6 33. hxg5 hxg5 34. gxf4 gxf4 35. Ke2 Kd5 36. a3 a5 37. a4 Be7 38. axb5 cxb5 39. Bd2 Bd6 40. Bc1 a4 41. bxa4 Nxa4 42. Kd2 Nb6 43. Ke2 Nc4 44. f3 e3 45. Kd3 Ke6 46. Ke2 Kd5 47. Kd3 Be7 48. Ke2 Na5 49. Ba3 Bxa3 50. Nxa3 b4 51. cxb4 Nc6 52. Kd3 Nxb4+ 53. Kc3 Na2+ 54. Kd3 Nc1+ 55. Kc2 Ne2 56. Kd3 Nxd4 57. Nb1 Nxf3 58. Nc3+ Ke5 59. Nd1 Ne1+ 60. Ke2 Ng2 61. Kf3 Nh4+ 62. Ke2 Kd4 63. Kf1 f3 64. Nb2 e2+ 65. Kf2 Ng2 66. Kxf3 e1=Q 67. Kxg2 Qe2+ 68. Kg3 Qxb2 69. Kf4 Qf2+ 70. Kg5 Ke5 71. Kg6 Qf6+ 72. Kh5 Qg7 73. Kh4 Kf4 74. Kh5 Qg5# {normal} 0-1

[Event "-chT Youth Countries 2019"]
[Site "Wuerzburg"]
[Date "2019.10.02"]
[Round "2.3"]
[White "Riegel, Arinna"]
[Black "Gallasch, Jonas"]
[Result "0-1"]
[ECO "A04"]
[WhiteElo "1894"]
[BlackElo "2099"]
[Annotator "NA"]
[PlyCount "96"]
[EventDate "2019.10.02"]
[EventType "team-tourn"]
[EventRounds "7"]
[EventCountry "GER"]
[SourceTitle "playchess.com"]
[Source "ChessBase"]
[SourceQuality "1"]
[WhiteTeam "Baden 1"]
[BlackTeam "Nordrhein-Westfalen"]
[TimeControl "40/5400+30:1800+30"]

1. Nf3 c5 2. g3 Nc6 3. d4 cxd4 4. Nxd4 e5 5. Nb3 d5 6. Bg2 Be6 7. Nc3 Bb4 8. Bd2 Nf6 9. O-O h6 10. a3 Be7 11. Na4 b6 12. c4 Rc8 13. cxd5 Nxd5 14. Rc1 O-O 15. Nc3 Nf6 16. Na1 Na5 17. Ne4 Nxe4 18. Bxe4 Qd4 19. Bxa5 Qxe4 20. Bc3 Bh3 21. f3 Qe3+ 22. Kh1 Rfd8 23. Nc2 Qg5 24. Qe1 Bxf1 25. Qxf1 Rd7 26. Qe1 Rcd8 27. Rb1 Qg6 28. Rc1 Bg5 29. e3 Qh5 30. Qe2 e4 31. g4 exf3 32. Qxf3 Qg6 33. Nd4 Kh7 34. Nc6 Rd1+ 35. Rxd1 Rxd1+ 36. Kg2 Qc2+ 37. Kh3 Qd3 38. Bd4 Rf1 39. Qg2 Bxe3 40. Nb4 Qd1 41. Be5 Qf3+ 42. Qg3 Qxg3+ 43. Kxg3 Rd1 44. Nc6 a5 45. Bc3 Bc5 46. Kf3 Rd3+ 47. Kg2 Bxa3 48. Ne5 Bxb2 {normal} 0-1

[Event "-chT Youth Countries 2019"]
[Site "Wuerzburg"]
[Date "2019.10.02"]
[Round "2.3"]
[White "Petri, Ben-Luca"]
[Black "Grund, Sebastian"]
[Result "0-1"]
[ECO "B38"]
[WhiteElo "1857"]
[BlackElo "2054"]
[Annotator "NA"]
[PlyCount "68"]
[EventDate "2019.10.02"]
[EventType "team-tourn"]
[EventRounds "7"]
[EventCountry "GER"]
[SourceTitle "playchess.com"]
[Source "ChessBase"]
[SourceQuality "1"]
[WhiteTeam "SG Bremen / Niedersachsen"]
[BlackTeam "Thueringen"]
[TimeControl "40/5400+30:1800+30"]

1. e4 c5 2. Nf3 Nc6 3. d4 cxd4 4. Nxd4 g6 5. c4 Bg7 6. Be3 Nf6 7. Nc3 O-O 8. Be2 d6 9. O-O Bd7 10. f3 Nxd4 11. Bxd4 a5 12. Nd5 Nxd5 13. cxd5 Bxd4+ 14. Qxd4 a4 15. Rac1 Qa5 16. h4 Rac8 17. a3 Rc7 18. Rxc7 Qxc7 19. Bd3 Rc8 20. Kh2 Qa5 21. Rd1 Bb5 22. Bxb5 Qxb5 23. Rd2 Rc4 24. Qf2 Qb3 25. g4 Rc1 26. Kg2 Qc4 27. h5 g5 28. Qe2 b5 29. Qxc4 bxc4 30. Rd4 Kg7 31. Kg3 Kf6 32. f4 c3 33. bxc3 Rxc3+ 34. Kf2 Rxa3 {[%emt 0:00:10] normal} 0-1